 Dungeon Crawl Stone Soup version 0.24-a0-445-gd5110b0 (webtiles) character file.

Game seed: 11656753101241204014

27 pikmin25 the Caller (level 2, -1/15 HPs)
             Began as a Deep Elf Summoner on June 23, 2019.
             Slain by a quokka (4 damage)
             ... on level 2 of the Dungeon.
             The game lasted 00:04:26 (1446 turns).

pikmin25 the Caller (Deep Elf Summoner)             Turns: 1446, Time: 00:04:26

Health: -1/15      AC:  2    Str:  5    XL:     2   Next: 93%
Magic:  8/9        EV: 13    Int: 19    God:
Gold:   87         SH:  0    Dex: 15    Spells: 6/9 levels left

rFire    x . .     SeeInvis .   (no weapon)
rCold    + . .     Gourm    .   (no shield)
rNeg     . . .     Faith    .   a - +0 robe
rPois    .         Spirit   .   (no helmet)
rElec    .         Reflect  .   (no cloak)
rCorr    .         Harm     .   (no gloves)
MR       .....                  (no boots)
Stlth    ++........             (no amulet)
HPRegen  0.05/turn              g - ring of ice
MPRegen  0.11/turn              (no ring)

@: no status effects
A: no striking features
a: no special abilities


You were on level 2 of the Dungeon.
You were not hungry.

You visited 1 branch of the dungeon, and saw 2 of its levels.

You collected 87 gold pieces.

Inventory:

Armour
 a - a +0 robe (worn)
Jewellery
 g - a ring of ice (left hand)
Scrolls
 b - a scroll of enchant armour {unknown}
 e - a scroll of identify {unknown}
 f - 2 scrolls of immolation {unknown}
 j - a scroll of remove curse {unknown}
Potions
 d - a potion of degeneration {unknown}
 h - a potion of haste {unknown}
 i - a potion of curing {unknown}
Comestibles
 c - a ration


   Skills:
 + Level 2.4 Dodging
 + Level 2.5 Stealth
 * Level 4.0 Spellcasting
 * Level 4.9 Summonings


You had 6 spell levels left.
You knew the following spells:

 Your Spells              Type           Power        Failure   Level  Hunger
a - Summon Small Mammal   Summ           ###.         1%          1    None
b - Call Imp              Summ           ###.....     2%          2    ##.....

Your spell library contained the following spells:

 Spells                   Type           Power        Failure   Level  Hunger
 Call Canine Familiar     Summ           ###.....     5%          3    ###....
 Summon Guardian Golem    Hex/Summ       ##......     16%         3    ###....
 Summon Ice Beast         Ice/Summ       ###.....     45%         4    ####...
 Summon Lightning Spire   Summ/Air       ##......     45%         4    ####...


Dungeon Overview and Level Annotations

Branches:
Dungeon (2/15)

Altars:


Message History

The quokka closely misses you.
You swap places.
The quokka bites you.
Your crimson imp barely misses the quokka.
The quokka barely misses you.
Your crimson imp closely misses the quokka.
The quokka bites you.
* * * LOW HITPOINT WARNING * * *
Your crimson imp barely misses the quokka.
The quokka closely misses you. The quokka barely misses you.
Your crimson imp barely misses the quokka.
Your crimson imp barely misses the quokka.
The quokka misses you.
Your crimson imp closely misses the quokka.
You hit the quokka but do no damage.
The quokka is severely wounded.
The quokka closely misses you.
Your crimson imp blinks!
Your crimson imp hits the quokka.
The quokka bites you.
You die...

########### ### ..........#
.....# ..........###.....#
............#.....#
............#...........#..
......ยง.........##......#..
........5r......##.........
..#.......@.5..............
# #...##.......#...........
..... #.......#..(........
##.... #####..........#####
...........'....(...((.....
###.. ..####...)#(....#####
#.................#
.........((........#
...............(....


You could see a quokka and 2 friendly crimson imps.

Vanquished Creatures
  A dart slug (D:1)
  A giant cockroach (D:1)
  2 rats
4 creatures vanquished.

Vanquished Creatures (collateral kills)
  An ooze (D:1)
  2 dart slugs (D:1)
  A giant cockroach (D:1)
  5 goblins
  4 hobgoblins
  7 jackals (D:1)
  3 bats
  2 frilled lizards (D:1)
  2 rats (D:1)
27 creatures vanquished.

Grand Total: 31 creatures vanquished

Notes
Turn   | Place    | Note
-------+----------+-------------------------------------------
     0 | D:1      | pikmin25 the Deep Elf Summoner began the quest for the Orb.
     0 | D:1      | Reached XP level 1. HP: 10/10 MP: 6/6
   248 | D:1      | Reached XP level 2. HP: 15/15 MP: 4/8
   297 | D:1      | Learned a level 2 spell: Call Imp
  1446 | D:2      | Slain by a quokka

Levels and vault maps discovered:
D:1:      ebering_trefoil_3fold, layout_basic
D:2:      lemuel_upstairs_altar, layout_basic, chequers_ecumenical_altar_grove,
          uniq_sigmund

Skill      XL: |  1  2 |
---------------+-------+-----
Spellcasting   | 4 |  4.0
Dodging        | |  2.4
Stealth        | |  2.5
Summonings     | |  4.9

Action                   || total
-------------------------++-------
Melee: Unarmed           ||    34
 Cast: Summon Small Mamm ||    23
       Call Imp          ||    13
 Stab: Sleeping          ||     3
  Eat: Chunk             ||     2
Armor: Robe              ||    17
Dodge: Dodged            ||    59

Table legend:
 A = Non-vault XP
 B = Vault XP
 C = Vault XP percentage of total XP
 D = Non-vault monster count
 E = Vault monster count
 F = Vault count percentage of total count
                 A         B        C        D         E       F
            +---------+---------+-------+---------+---------+-------
      Total |      39 |       0 |   0.0 |      31 |       0 |   0.0
            +---------+---------+-------+---------+---------+-------
        D:1 |      34 |       0 |   0.0 |      26 |       0 |   0.0
        D:2 |       5 |       0 |   0.0 |       5 |       0 |   0.0
            +---------+---------+-------+---------+---------+-------
